 Dungeon Crawl Stone Soup version 0.27-a0-1365-ge71e8f7681 (webtiles) character file.

Game seed: 5851125643208827638

98 Nattfarinn the Skirmisher (level 5, -3/41 HPs)
             Began as a Djinni Gladiator on June 28, 2021.
             Was an Initiate of Makhleb.
             Slain by a gnoll (13 damage)
             ... on level 2 of the Dungeon.
             The game lasted 00:04:24 (2695 turns).

Nattfarinn the Skirmisher (Djinni Gladiator)        Turns: 2695, Time: 00:04:24

Health: -3/41      AC:  4    Str: 13    XL:     5   Next: 1%
Gold:   34         EV: 12    Int: 11    God:    Makhleb [......] SH:  0 Dex: 14

rFire    + + .     SeeInvis .   g - +0 short sword (speed)
rCold    x . .     Faith    .   (no shield)
rNeg     . . .     Spirit   .   b - +0 leather armour
rPois    ∞         Reflect  .   c - +0 helmet
rElec    .         Harm     .   (no cloak)
rCorr    .         Rampage  .   (no gloves)
Will     .....                  (boots unavailable)
Stlth    +.........             (no amulet)
HPRegen  0.13/turn              (no ring)
MPRegen  0.00/turn              (no ring)

@: flying
A: sickness immunity, fire resistance 2, cold vulnerability 1, float, innate
caster, hp casting, extra vitality 1
a: Renounce Religion


You were on level 2 of the Dungeon.
You worshipped Makhleb.
Makhleb was noncommittal.
You visited 1 branch of the dungeon, and saw 3 of its levels.

You collected 34 gold pieces.

Inventory:

Hand Weapons
 a - a +0 long sword
 g - a +0 short sword of speed (weapon)
Missiles
 d - 2 throwing nets (quivered)
 o - 2 boomerangs
Armour
 b - a +0 leather armour (worn)
 c - a +0 helmet (worn)
Jewellery
 e - a ring of protection from fire
 n - a ring of ice
Scrolls
 f - a scroll of teleportation
 l - a scroll of magic mapping {unknown}
Potions
 h - a potion of haste {unknown}
 i - a potion of brilliance {unknown}
 j - a potion of lignification {unknown}
 k - a potion of curing {unknown}
 m - a potion of berserk rage {unknown}


   Skills:
 * Level 4.0 Fighting
 + Level 3.5 Long Blades
 - Level 1.5 Throwing
 - Level 3.2 Dodging


You had one spell level left.
You knew the following spells:

 Your Spells              Type           Power      Damage    Failure   Level
a - Corona                Hex            0%         N/A       41%         1
b - Searing Ray           Conj           0%         3d3       56%         2
Your spell library was empty.

Dungeon Overview and Level Annotations

Branches:
Dungeon (3/15)

Altars:
Makhleb

Annotations:
D:2 Terence


Innate Abilities, Weirdness & Mutations

You are immune to sickness and miasma.
You are immune to poison.
Your flesh is very heat resistant. (rF++)
You are vulnerable to cold. (rC-)
You float through the air rather than walking.
You learn spells naturally, not from books.
Your magical power is your life essence.
You have superior vitality. (+4 HP)


Message History

The gnoll shouts!
A gnoll comes into view. It is wielding a +0 spear.
The gnoll hits you but does no damage.
The gnoll shouts!
You hit the gnoll but do no damage. You hit the gnoll.
The gnoll is moderately wounded.
The gnoll barely misses you.
You hit the gnoll but do no damage.
The gnoll is moderately wounded.
The gnoll hits you with a +0 club.
The gnoll hits you from afar with a +0 spear.
You hit the gnoll.
The gnoll is heavily wounded.
You hit the gnoll but do no damage.
The gnoll is heavily wounded.
The gnoll hits you with a +0 club. The gnoll closely misses you.
You hit the gnoll.
You kill the gnoll!
Makhleb accepts your kill.
You have reached level 5!
The power to cast Searing Ray wells up from within.
Spell assigned to 'b'.
The gnoll completely misses you.
The gnoll hits you from afar with a +0 halberd!
You hit the gnoll but do no damage. The gnoll barely misses you.
The gnoll completely misses you.
You closely miss the gnoll. The gnoll hits you but does no damage.
The gnoll barely misses you.
You hit the gnoll.
The gnoll is moderately wounded.
You hit the gnoll.
The gnoll is heavily wounded.
The gnoll hits you with a +0 spear. The gnoll misses you.
You hit the gnoll.
The gnoll is almost dead.
The gnoll hits you with a +0 spear!
* * * LOW HITPOINT WARNING * * *
The gnoll hits you from afar with a +0 halberd!
You die...

### #.# ..# #g#
#####g# ...#@#
#######.#.#
..........#
##############.###
........##.....#
.######.##.#####
.# #)##.# .#
#.##.# .# #.##†#


You could see 2 gnolls.

Vanquished Creatures
  A jelly (D:3)
  2 gnolls
  4 dart slugs
  A bat (D:2)
  3 endoplasms
  A giant cockroach (D:1)
  3 goblins (D:1)
  6 hobgoblins
  3 jackals (D:1)
  4 quokkas
  5 ball pythons
  A frilled lizard (D:1)
  4 kobolds
  A rat (D:1)
39 creatures vanquished.

Notes
Turn   | Place    | Note
-------+----------+-------------------------------------------
     0 | D:1      | Nattfarinn the Djinni Gladiator began the quest for the
                  | Orb.
     0 | D:1      | Reached XP level 1. HP: 18/18 MP: 0/0
   180 | D:1      | Reached XP level 2. HP: 14/24 MP: 0/0
   518 | D:1      | Reached XP level 3. HP: 28/29 MP: 0/0
   518 | D:1      | Learned a level 1 spell: Corona
   598 | D:1      | Reached skill level 3 in Fighting
   883 | D:1      | Found a faded altar of an unknown god.
  1291 | D:2      | Noticed Terence
  1843 | D:2      | Found a burning altar of Makhleb.
  1851 | D:2      | Became a worshipper of Makhleb the Destroyer
  2277 | D:3      | Reached XP level 4. HP: 29/35 MP: 0/0
  2669 | D:2      | Reached skill level 4 in Fighting
  2689 | D:2      | Reached XP level 5. HP: 28/41 MP: 0/0
  2689 | D:2      | Learned a level 2 spell: Searing Ray
  2695 | D:2      | Slain by a gnoll

Illustrated notes

Levels and vault maps discovered:
D:1:      ncdulo_halloftheorcs, layout_basic, ebering_ecumenical_altar_petrified
D:2:      layout_basic, basic_altar, uniq_natasha, uniq_terence
D:3:      layout_rooms

Skill      XL: |  1  2  3  4 |
---------------+-------------+-----
Long Blades    | 3 |  3.5
Fighting       | 3 4 |  4.0
Throwing       | |  1.5
Dodging        | |  3.2

Action                   |  1- 3 |  4- 6 || total
-------------------------+-------+-------++-------
Melee: Long sword        |    23 |       ||    23
       Short sword       |   149 |    47 ||   196
Throw: Throwing net      |       |     1 ||     1
 Cast: Corona            |     1 |       ||     1
  Use: Scroll            |     2 |       ||     2
       Potion            |     1 |       ||     1
 Stab: Sleeping          |     1 |       ||     1
       Held in net/web   |       |     1 ||     1
Armor: Leather armour    |    29 |    10 ||    39
Dodge: Dodged            |    92 |    19 ||   111
       Rpst.: Long sword |     3 |       ||     3

Table legend: (Time is in decaauts)
 A = Elapsed time spent in this place.
 B = Non-inter-level travel time spent in this place.
 C = Inter-level travel time spent in this place.
 D = Time resting spent in this place.
 E = Time spent auto-exploring this place.
 F = Levels seen in this place.
 G = Mean time per level.
                   A        B        C        D        E       F      G
               +--------+--------+--------+--------+--------+-----+--------+
         Total |   2637 |   2486 |    151 |    714 |   1376 |   3 |  879.0 |
       Dungeon |   2637 |   2486 |    151 |    714 |   1376 |   3 |  879.0 |
               +--------+--------+--------+--------+--------+-----+--------+

Top non-repeatable levels by time:
     D:1: 1461 daAuts
     D:2: 892 daAuts
     D:3: 283 daAuts
